 Dungeon Crawl Stone Soup version 0.29-a0-459-g97dee8cd24 (webtiles) character file.

Game seed: 15405649544892163173

70 zishaf the Ducker (level 4, -5/31 HPs)
             Began as a Djinni Venom Mage on May 20, 2022.
             Slain by a gnoll
             ... wielding a +0 club
              (8 damage)
             ... on level 2 of the Dungeon.
             The game lasted 00:01:51 (1440 turns).

zishaf the Ducker (Djinni Venom Mage)               Turns: 1440, Time: 00:01:52

Health: -5/31      AC:  6    Str:  7    XL:     4   Next: 45%
Gold:   37         EV: 13    Int: 19    God:
                   SH:  0    Dex: 13

rFire   + + .      SeeInvis .   l - +1 dagger (elec)
rCold   x . .      Faith    .   (no shield)
rNeg    . . .      Spirit   .   a - +0 robe
rPois   ∞          Reflect  .   (no helmet)
rElec   .          Harm     .   (no cloak)
rCorr   .          Rampage  .   (no gloves)
Will    .....                   (boots unavailable)
Stlth   ++........              (no amulet)
HPRegen 0.10/turn               n - +4 ring of protection
MPRegen 0.00/turn               (no ring)

@: flying
A: sickness immunity, fire resistance 2, cold vulnerability 1, float, innate
caster, HP casting, extra vitality 1
a: no special abilities


You were on level 2 of the Dungeon.
You visited 1 branch of the dungeon, and saw 2 of its levels.

You collected 37 gold pieces.

Inventory:

Hand Weapons
 b - a +0 dagger
 f - the +4 hand axe of Currency {vorpal, rPois rC- Int+4 Dex+8}
   (You found it on level 2 of the Dungeon)

   It inflicts extra damage upon your enemies.
   Int:       It affects your intelligence (+4).
   Dex:       It affects your dexterity (+8).
   rC:        It makes you vulnerable to cold.
   rPois:     It protects you from poison.
 l - a +1 dagger of electrocution (weapon)
Missiles
 i - a throwing net
Armour
 a - a +0 robe (worn)
Jewellery
 n - a +4 ring of protection (left hand)
Scrolls
 e - 2 scrolls of teleportation {unknown}
 g - a scroll of immolation {unknown}
 j - a scroll of vulnerability {unknown}
 o - a scroll of fear {unknown}
Potions
 c - a potion of attraction {unknown}
 d - a potion of cancellation {unknown}
 h - a potion of mutation {unknown}
 k - 2 potions of curing {unknown}
 m - a potion of lignification {unknown}
 p - a potion of haste {unknown}


   Skills:
 + Level 3.3 Dodging
 + Level 2.5 Stealth
 + Level 2.9 Spellcasting


You couldn't memorise any spells.
You knew the following spells:

 Your Spells              Type           Power      Damage    Failure   Level
a - Sting                 Tmut/Pois      56%        1d5       4%          1
b - Poisonous Vapours     Pois/Air       28%        N/A       7%          2
c - Mephitic Cloud        Conj/Pois/Air  14%        N/A       14%         3
d - Olgreb's Toxic Radia  Pois           14%        N/A       41%         4
e - Apportation           Tloc           28%        N/A       4%          1
Your spell library was empty.

Dungeon Overview and Level Annotations

Branches:
Dungeon (2/15)

Altars:


Innate Abilities, Weirdness & Mutations

You are immune to sickness and miasma.
You are immune to poison.
Your flesh is very heat resistant. (rF++)
You are vulnerable to cold. (rC-)
You float through the air rather than walking.
You learn spells naturally, not from books.
Your magical power is your life essence.
You have superior vitality. (+4 MHP)


Message History

You feel a bit more experienced.
Casting: Sting (safe; 4% risk of failure)
Confirm with . or Enter, or press ? or * to list all spells.
Aiming: Sting (safe; 4% risk of failure)
Press: ? - help, Shift-Dir - straight line, f - gnoll
Aim: a gnoll, wielding a +0 club (75% to hit)
The sting hits the gnoll.
The gnoll is poisoned.
The gnoll is lightly wounded.
Casting: Sting (safe; 4% risk of failure)
Confirm with . or Enter, or press ? or * to list all spells.
Aiming: Sting (safe; 4% risk of failure)
Press: ? - help, Shift-Dir - straight line, f/p - gnoll
Aim: a gnoll, wielding a +0 club (lightly wounded, poisoned, 75% to hit)
The sting misses the gnoll.
The gnoll hits you with a +0 club.
* * * LOW HITPOINT WARNING * * *
Casting: Sting (safe; 4% risk of failure)
Confirm with . or Enter, or press ? or * to list all spells.
Aiming: Sting (safe; 4% risk of failure)
Press: ? - help, Shift-Dir - straight line, f/p - gnoll
Aim: a gnoll, wielding a +0 club (lightly wounded, poisoned, 75% to hit)
The sting misses the gnoll.
* * * LOW HITPOINT WARNING * * *
The gnoll closely misses you.
Casting: Sting (safe; 4% risk of failure)
Confirm with . or Enter, or press ? or * to list all spells.
Aiming: Sting (safe; 4% risk of failure)
Press: ? - help, Shift-Dir - straight line, f/p - gnoll
Aim: a gnoll, wielding a +0 club (lightly wounded, poisoned, 75% to hit)
The sting hits the gnoll.
The gnoll looks even sicker.
The gnoll is moderately wounded.
* * * LOW HITPOINT WARNING * * *
The gnoll hits you with a +0 club.
* * * LOW HITPOINT WARNING * * *
You barely miss the gnoll. You punch the gnoll, but do no damage.
The gnoll is heavily wounded.
The gnoll closely misses you.
You closely miss the gnoll.
The gnoll is severely wounded.
The gnoll hits you with a +0 club!
You die...

#########........
#..g....'........
#.#######........
#...#........###.
###.#........#
#..........##
###..........
#g#....#.#.#
######@#......#.#
.....#+#'#.####.
#....<.......
#........###.
#............
##.......###.
#.......#
#.......#
##....###


You could see a gnoll (very poisoned).

Vanquished Creatures
  2 gnolls (D:2)
  2 adders (D:2)
  2 dart slugs (D:2)
  5 endoplasms (D:1)
  2 giant cockroaches (D:1)
  5 goblins
  2 hobgoblins (D:1)
  2 kobolds
  A quokka (D:2)
  2 ball pythons
  3 bats
  A frilled lizard (D:1)
29 creatures vanquished.

Notes
Turn   | Place    | Note
-------+----------+-------------------------------------------
     0 | D:1      | zishaf the Djinni Venom Mage began the quest for the Orb.
     0 | D:1      | Reached XP level 1. HP: 15/15 MP: 0/0
    46 | D:1      | You are sucked into a shaft and drop 1 floor!
    92 | D:2      | Reached XP level 2. HP: 2/21 MP: 0/0
   417 | D:2      | Identified the +4 hand axe of Currency {vorpal, rPois rC-
                  | Int+4 Dex+8}
   678 | D:1      | Reached XP level 3. HP: 25/25 MP: 0/0
   678 | D:1      | Learned a level 1 spell: Apportation
  1209 | D:2      | Reached skill level 3 in Dodging
  1237 | D:2      | Reached XP level 4. HP: 19/31 MP: 0/0
  1440 | D:2      | Slain by a gnoll

Illustrated notes

Levels and vault maps discovered:
D:1:      dpeg_arrival_water_fire, layout_rooms, interstate_on_off,
          hex_intersection, minmay_misc_feat_cross
D:2:      layout_basic

Skill      XL: |  1  2  3 |
---------------+----------+-----
Stealth        | 2 |  2.5
Dodging        | 3 |  3.3
Spellcasting   | |  2.9

Action                   |  1- 3 |  4- 6 || total
-------------------------+-------+-------++-------
Melee: Hand axe          |    28 |       ||    28
       Dagger            |    24 |    10 ||    34
       Punch             |       |     1 ||     1
 Cast: Sting             |    10 |     6 ||    16
 Stab: Sleeping          |     8 |       ||     8
Armor: Robe              |    18 |     2 ||    20
Dodge: Dodged            |    35 |    14 ||    49

Table legend: (Time is in decaauts)
 A = Elapsed time spent in this place.
 B = Non-inter-level travel time spent in this place.
 C = Inter-level travel time spent in this place.
 D = Time resting spent in this place.
 E = Time spent auto-exploring this place.
 F = Levels seen in this place.
 G = Mean time per level.
                   A        B        C        D        E       F      G
               +--------+--------+--------+--------+--------+-----+--------+
         Total |   1445 |   1428 |     17 |    357 |    812 |   2 |  722.5 |
       Dungeon |   1445 |   1428 |     17 |    357 |    812 |   2 |  722.5 |
               +--------+--------+--------+--------+--------+-----+--------+

Top non-repeatable levels by time:
     D:1: 751 daAuts
     D:2: 694 daAuts
